 Dungeon Crawl Stone Soup version 0.19.0-2-gae57169 (webtiles) character file.

669 GhostOfComunism the Skirmisher (level 7, -6/62 HPs)
             Began as a Yellow Draconian Chaos Knight on Nov 6, 2016.
             Killed by divine providence
             ... invoked by an orc priest
              (14 damage)
             ... on level 4 of the Dungeon.
             The game lasted 00:29:15 (3320 turns).

GhostOfComunism the Skirmisher (DrCK)               Turns: 3320, Time: 00:29:24

Health: -6/62      AC:  7    Str: 17    XL:     7   Next: 32%
Magic:  7/7        EV:  9    Int: 12    God:    Xom [..*...]
Gold:   903        SH: 13    Dex: 12    Spells: 0 memorised, 6 levels left

rFire  . . .     SeeInvis .     a - +2 falchion (chaos)
rCold  . . .     Gourm    .     (armour unavailable)
rNeg   . . .     Faith    .     k - +0 large shield
rPois  .         Spirit   .     (helmet restricted)
rElec  .         Reflect  .     e - +0 cloak
rCorr  +         Harm     .     (no gloves)
MR     .....                    (no boots)
Stlth  +.........               (no amulet)
                                (no ring)
                                c - +2 ring of dexterity

@: no status effects
A: spit acid, acid resistance, unfitting armour, cold-blooded, AC +6
a: Spit Acid, Renounce Religion


You were on level 4 of the Dungeon.
You worshipped Xom.
You were a toy of Xom.
You were not hungry.

You visited 1 branch of the dungeon, and saw 4 of its levels.

You collected 903 gold pieces.

Inventory:

Hand Weapons
 a - a +2 falchion of chaos (weapon)
Armour
 e - a +0 cloak (worn)
 k - a +0 large shield (worn)
Jewellery
 c - a +2 ring of dexterity (left hand)
Potions
 i - a potion of heal wounds
Comestibles
 b - 2 bread rations
 g - 3 fruits
 j - a meat ration


   Skills:
 + Level 5.9 Fighting
 + Level 5.2 Long Blades
 + Level 4.0 Dodging
 + Level 3.1 Shields


You had 6 spell levels left.
You didn't know any spells.

Dungeon Overview and Level Annotations

Branches:
Dungeon (4/15)
 Temple: D:4-7

Altars:


Innate Abilities, Weirdness & Mutations

You can spit globs of acid.
You are resistant to acid.
Your golden yellow scales are hard. (AC +6)
You cannot fit into any form of body armour.
You are cold-blooded and may be slowed by cold attacks.


Message History

The orc priest begins to cast a cantrip, but forgets the words!
The orc priest casts a cantrip, but nothing happens.
The orc priest invokes the aid of Beogh against you.
Beogh smites you!
The orc priest mumbles some strange prayers to Beogh against you.
Beogh smites you!
* * * LOW HITPOINT WARNING * * *
Xom almost notices you.
A monocle briefly appears over your right eye.
The scorpion stings you.
* * * LOW HITPOINT WARNING * * *
A centaur comes into view.
The centaur shouts!
Xom grants you insight.
You detect items!
The centaur wields a shortbow.
The centaur shoots an arrow.
The arrow barely misses you.
The orc priest invokes the aid of Beogh against you.
Beogh smites you!
You die...
Xom bursts into laughter!

#.##....###..#.#..# ####
#....#### #....##.# #..# ##..###
#.......###..# .# ...)..#
#..#.....##..# ∆ ... .####.#
#..#.#....#..### .... .# #.#
#..#.##........####.... .# #.#
##...####..(...#.......
.####.######....###oo.(.........#
##.........#..(.@os....(.........
*#.........###..###o#o..(........
*#..............,,#...#..........
##.........#..###.....##......#..
...........##c*####...........#
#†.........## .<**#..............
##....#######.#.. ...>.........#.
####.##.<.............#......##
#.##.†.........?..........#


You could see a centaur, a scorpion, 2 orc priests and 3 orcs.

Vanquished Creatures
  The ghost of skk the Cudgeler, an amateur TrBe of Trog (D:3)
  An ice beast (D:3)
  A centaur (D:3)
  A howler monkey (D:4)
  An orc priest (D:3)
  A bullfrog skeleton (D:4)
  Natasha (thrice) (D:3)
  4 worker ants (D:4)
  7 adders
  An ooze (D:2)
  An adder skeleton (D:4)
  2 worms (D:2)
  4 dart slugs
  5 leopard geckos
  3 orcs (D:3)
  2 ball pythons
  9 bats
  9 giant cockroaches
  5 goblins
  10 hobgoblins
  4 jackals (D:3)
  5 kobolds
  A frilled lizard (D:1)
  A jackal skeleton (D:4)
  2 rats (D:1)
84 creatures vanquished.

Notes
Turn   | Place    | Note
-------+----------+-------------------------------------------
     0 | D:1      | GhostOfComunism the Draconian Chaos Knight began the quest for the Orb.
     0 | D:1      | Reached XP level 1. HP: 19/19 MP: 1/1
     4 | D:1      | XOM: harmless Pois miscast
   170 | D:1      | XOM: harmless Air miscast
   174 | D:1      | Gained mutation: You possess an exceptional clarity of mind. [potion of mutation]
   174 | D:1      | Gained mutation: You have a pair of small horns on your head. [potion of mutation]
   174 | D:1      | Gained mutation: You evolve. [potion of mutation]
   178 | D:1      | Reached XP level 2. HP: 25/26 MP: 2/2
   532 | D:1      | Reached XP level 3. HP: 33/33 MP: 3/3
   551 | D:1      | XOM: silly message
   815 | D:1      | Lost mutation: You evolve. [end of evolution]
  1038 | D:2      | XOM: confuse monster(s)
  1051 | D:2      | XOM: cloud trail
  1055 | D:2      | Paralysed by you for 2 turns
  1308 | D:2      | XOM: 1-stop teleportation journey
  1325 | D:2      | XOM: god gift: 15 arrows
  1433 | D:2      | Reached XP level 4. HP: 41/41 MP: 4/4
  1600 | D:2      | Lost mutation: You possess an exceptional clarity of mind. [potion of cure mutation]
  1600 | D:2      | Lost mutation: You have a pair of small horns on your head. [potion of cure mutation]
  1800 | D:2      | XOM: cloud trail
  1805 | D:2      | XOM: medium Necr miscast
  1806 | D:2      | Noticed a shadow
  1806 | D:2      | Noticed a shadow
  1834 | D:2      | XOM is BORED!
  1912 | D:2      | XOM: mild Erth miscast
  2031 | D:3      | Noticed Natasha
  2031 | D:3      | XOM: swap monsters
  2038 | D:3      | Killed Natasha
  2117 | D:3      | Noticed Natasha
  2123 | D:3      | Killed Natasha
  2123 | D:3      | Reached XP level 5. HP: 37/47 MP: 5/5
  2310 | D:3      | Noticed a centaur
  2313 | D:3      | XOM: summons 2 friendly demons
  2316 | D:3      | Killed a centaur
  2316 | D:3      | Reached skill level 1 in Shields
  2367 | D:3      | Reached skill level 5 in Fighting
  2376 | D:3      | Noticed skk's ghost (amateur TrBe)
  2382 | D:3      | Reached XP level 6. HP: 47/56 MP: 6/6
  2383 | D:3      | XOM: blink monster(s)
  2384 | D:3      | XOM: medium Erth miscast
  2387 | D:3      | XOM: enchant monster (bad)
  2422 | D:3      | Killed skk's ghost
  2425 | D:3      | XOM: 3-stop teleportation journey
  2449 | D:3      | XOM: god gift: 5 large rocks
  2562 | D:3      | Noticed an ice beast
  2566 | D:3      | XOM: god gift: 670 gold pieces
  2568 | D:3      | XOM: summons 3 hostile shadow creatures
  2579 | D:3      | Killed an ice beast
  2730 | D:3      | XOM: god gift: meat ration
  2732 | D:3      | Found a glowing drain.
  2880 | D:3      | Noticed Natasha
  2883 | D:3      | XOM: harmless Necr miscast
  2888 | D:3      | XOM: divination: detect items
  2892 | D:3      | Killed Natasha
  2943 | D:4      | Reached skill level 5 in Long Blades
  2943 | D:4      | Your scales start taking on a golden yellow colour.
  2943 | D:4      | Reached XP level 7. HP: 47/61 MP: 7/7
  2944 | D:4      | XOM: divination: magic mapping
  2977 | D:4      | XOM: divination: magic mapping
  3015 | D:4      | XOM: harmless Summ miscast
  3175 | D:4      | XOM: mild Chrm miscast
  3317 | D:4      | XOM: silly message
  3320 | D:4      | XOM: divination: detect items
  3320 | D:4      | Killed from afar by an orc priest

Skill      XL: |  1  2  3  4  5  6  7 |
---------------+----------------------+-----
Fighting       | 4 5 |  5.9
Long Blades    | 4 5 |  5.2
Dodging        | 3 4 |  4.0
Shields        | 1 2 3 |  3.1

Action                   |  1- 3 |  4- 6 |  7- 9 || total
-------------------------+-------+-------+-------++-------
Melee: Falchion          |    92 |   142 |    36 ||   270
       Tailslap          |     8 |    21 |     8 ||    37
       Headbutt          |    10 |       |       ||    10
  Use: Potion            |     4 |     2 |     1 ||     7
       Scroll            |     8 |     3 |     1 ||    12
 Stab: Sleeping          |       |     2 |       ||     2
       Confused          |       |     1 |       ||     1
  Eat: Bread ration      |     1 |     1 |       ||     2
       Beef jerky        |       |     1 |       ||     1
Armor: Skin              |    23 |    52 |    13 ||    88
Dodge: Dodged            |    65 |    73 |     8 ||   146
Block: Shield            |       |    55 |     6 ||    61
       Large shield      |       |       |    12 ||    12
       Rpst.: Falchion   |    22 |    28 |     1 ||    51
